 Dungeon Crawl Stone Soup version 0.31-a0-112-gdf0485fa37 (webtiles) character file.

Game seed: 5977489198345168111

33 Drazool the Covered (level 3, -2/32 HPs)
             Began as an Armataur Fighter on May 28, 2023.
             Slain by Terence
             ... wielding a +2 short sword of electrocution
              (4 damage)
             ... on level 2 of the Dungeon.
             The game lasted 00:02:46 (988 turns).

Drazool the Covered (Armataur Fighter)               Turns: 988, Time: 00:02:46

Health: -2/32      AC:  6    Str: 23    XL:     3   Next: 12%
Magic:  3/3        EV:  7    Int:  8    God:
Gold:   57         SH:  4    Dex:  9    Spells: 2/2 levels left

rFire   . . .        a - +0 war axe
rCold   . . .        c - +0 buckler
rNeg    . . .        b - +0 scale mail
rPois   .            (no helmet)
rElec   .            (no cloak)
rCorr   .            (no gloves)
SInv    .            (no barding)
Will    .....        (no amulet) Stlth
                     (no ring)
HPRegen 0.25/turn    (no ring)
MPRegen 0.08/turn

%: roll
@: mighty
A: large, rugged brown scales 3, deformed body, armoured tail, roll, long
tongue, awkward tongue
a: no special abilities


You were on level 2 of the Dungeon.
You visited 1 branch of the dungeon, and saw 2 of its levels.

You collected 57 gold pieces.


Innate Abilities, Weirdness & Mutations

You are completely covered in rugged brown scales. (AC +3, +7% HP)
Armour fits poorly on your strangely shaped body.
You have a long armoured tail.
You roll when moving toward enemies. (Rampage)
Your long tongue fully drains potion bottles. (2x potion effects)
Your tongue gives you trouble enunciating. (1.5x scroll delay)


   Skills:
 - Level 2.6 Fighting
 + Level 3.0 Axes
 - Level 3.6 Armour
 - Level 3.2 Shields


You had 2 spell levels left.
You didn't know any spells.
Your spell library contained the following spells:

 Spells                   Type           Power      Damage    Failure   Level
 Sandblast                Erth           0%         2d4       78%         1
 Passwall                 Tmut/Erth      0%         N/A       89%         2
 Stone Arrow              Conj/Erth      0%         3d7       98%         3

Inventory:

Hand Weapons
 a - a +0 war axe (weapon)
Missiles
 g - 2 poisoned darts (quivered)
Armour
 b - a +0 scale mail (worn)
 c - a +0 buckler (worn)
Scrolls
 f - a scroll of identify {unknown}
 i - a scroll of blinking
Potions
 e - a potion of attraction {unknown}
 h - 2 potions of curing {unknown}
 j - a potion of lignification {unknown}

Dungeon Overview and Level Annotations

Branches:
Dungeon (2/15)

Altars:

Annotations:
D:2 Terence

###### *******
#....#** *,,,,,**
#.##...#***,,,,,**
#@#**#@.((*,,,,,**
#@# **##.,,,,,,,,
#.# ***,,,,,,, #.#
*,,,,,,, #.#
**,,,,,,, #.#
**,,,,,,,, #.#
#........, #.#
#........, ###.###
#........, #.....#
#.........


You could see Terence (fast, poisoned).


Message History

Terence shouts!
Terence drinks a potion.
Terence seems to speed up.
You aren't carrying any items that you can evoke.
Okay, then.
You throw a poisoned dart. The poisoned dart hits Terence.
Terence is poisoned.
You throw a poisoned dart. The poisoned dart hits Terence.
Terence looks even sicker.
You feel very mighty all of a sudden.
You slurp down every last drop of the potion of might!
You hit Terence but do no damage.
You tail-slap Terence, but do no damage.
Terence is lightly wounded.
Terence barely misses you.
Terence hits you with a +2 short sword of electrocution.
You hit Terence.
Your tail-slap misses Terence.
Terence is moderately wounded.
Terence hits you but does no damage. You block Terence's attack.
You closely miss Terence.
Terence is moderately wounded.
Terence hits you with a +2 short sword of electrocution.
You are electrocuted!!
Ouch! That really hurt!
* * * LOW HITPOINT WARNING * * *
Terence hits you with a +2 short sword of electrocution.
* * * LOW HITPOINT WARNING * * *
You closely miss Terence.
Terence is moderately wounded.
Terence barely misses you.
Terence hits you with a +2 short sword of electrocution.
You die...

Skill      XL: |  1  2  3 |
---------------+----------+-----
Axes           | 2 3 |  3.0
Fighting       | |  2.6
Armour         | |  3.6
Shields        | |  3.2

Action                     || total
---------------------------++-------
  Melee: War axe           ||    71
         Tailslap          ||     8
  Throw: Dart              ||     2
    Use: Scroll            ||     5
         Potion            ||     1
 Armour: Scale mail        ||    28
  Dodge: Dodged            ||    21
  Block: Buckler           ||     9

Levels and vault maps discovered:
D:1:      eino_arrival_druids_welcome, layout_rooms
D:2:      layout_rooms, uniq_terence

Notes
Turn   | Place    | Note
-------+----------+-------------------------------------------
     0 | D:1      | Drazool the Armataur Fighter began the quest for the Orb.
     0 | D:1      | Reached XP level 1. HP: 19/19 MP: 1/1
    39 | D:1      | Reached skill level 2 in Axes
   159 | D:1      | Reached XP level 2. HP: 20/26 MP: 2/2
   638 | D:2      | Reached XP level 3. HP: 32/32 MP: 3/3
   682 | D:2      | Reached skill level 3 in Axes
   978 | D:2      | Noticed Terence
   987 | D:2      | HP: 2/32 [Terence/+2 short sword of electrocution (4)]
   988 | D:2      | Slain by Terence

Vanquished Creatures
  3 endoplasms
  A giant cockroach (D:2)
  2 goblins
  5 hobgoblins
  5 jackals
  2 quokkas (D:1)
  4 ball pythons
  A frilled lizard (D:2)
  2 kobolds
  3 rats
28 creatures vanquished.

Table legend: (Time is in decaauts)
 A = Elapsed time spent in this place.
 B = Non-inter-level travel time spent in this place.
 C = Inter-level travel time spent in this place.
 D = Time resting spent in this place.
 E = Time spent auto-exploring this place.
 F = Levels seen in this place.
 G = Mean time per level.
                   A        B        C        D        E       F      G
               +--------+--------+--------+--------+--------+-----+--------+
         Total |   1019 |    989 |     30 |    149 |    600 |   2 |  509.5 |
       Dungeon |   1019 |    989 |     30 |    149 |    600 |   2 |  509.5 |
               +--------+--------+--------+--------+--------+-----+--------+

Top non-repeatable levels by time:
     D:2: 558 daAuts
     D:1: 460 daAuts

Table legend:
 A = Non-vault XP
 B = Vault XP
 C = Vault XP percentage of total XP
 D = Non-vault monster count
 E = Vault monster count
 F = Vault count percentage of total count
                 A         B        C        D         E       F
            +---------+---------+-------+---------+---------+-------
      Total |      48 |       0 |   0.0 |      28 |       0 |   0.0
            +---------+---------+-------+---------+---------+-------
        D:1 |      25 |       0 |   0.0 |      15 |       0 |   0.0
        D:2 |      23 |       0 |   0.0 |      13 |       0 |   0.0
            +---------+---------+-------+---------+---------+-------
